AoeStats
← SeemsFishy

African Clearing

506918253Analyzed
4v4 RM · 17d ago on Sep 15, 2026· 49m 58s· 8 players
Game mode
Random Map
Map size
Large (8 player)
Population
200
Speed
Normal
Resources
Standard
Victory
Conquest
Starting age
Dark Age
Ending age
Imperial Age
RankedLock teamsTeams togetherTeam positionsShared explorationLock speedFull tech treeHidden civsTurbo modeCheats
Victory
Defeat
🇸🇪 Italians · Sweden
1415
+14
🇲🇽 Franks · Mexico
1348
+17
🇲🇽 Koreans · Mexico
1324
+18
🇦🇷 Sicilians · Argentina
1319
+18
🇪🇸 Berbers · Spain
1399
-18
🇬🇧 Celts · United Kingdom
1385
-17
🇹🇼 Persians · Taiwan
1366
-17
🇨🇴 Poles · Colombia
1318
-15
野豬騎士來囉
6:55 Loom
12:27 Feudal Age
16:31 Castle Age
15:11 Double-Bit Axe
34:27 Horse Collar
35:45 Wheelbarrow
36:19 Heavy Plow
37:25 Hand Cart
41:07 Imperial Age
39:45 Bloodlines
39:35 Husbandry
40:04 Scale Barding Armor
40:10 Forging
40:37 Forging
41:10 Kamandaran
41:05 Fletching
41:16 Padded Archer Armor
42:08 Conscription
41:48 Bodkin Arrow
41:22 Elite Skirmisher
42:08 Thumb Ring
41:24 Crossbowman
42:46 Cavalier
42:49 Light Cavalry
47:24 Chain Barding Armor
48:35 Iron Casting
48:14 Savar
50:56 Plate Barding Armor
Sergio
14:26 Feudal Age
18:05 Castle Age
16:07 Double-Bit Axe
16:25 Fletching
21:13 Loom
22:48 Bow Saw
27:26 Horse Collar
28:37 Bodkin Arrow
31:05 Wheelbarrow
31:37 Husbandry
37:09 Imperial Age
35:19 Bloodlines
35:11 Gold Mining
35:58 Forging
35:53 Scale Barding Armor
38:15 Iron Casting
37:25 Heavy Camel Rider
38:37 Chain Barding Armor
39:19 Hand Cart
40:05 Blast Furnace
39:06 Bracer
39:07 Padded Archer Armor
39:28 Conscription
40:45 Heavy Plow
42:23 Plate Barding Armor
41:49 Bracer
43:05 Padded Archer Armor
43:27 Ballistics
44:07 Chemistry
43:13 Elite Camel Archer
44:11 Masonry
46:35 Gold Shaft Mining
45:51 Stone Mining
46:13 Kasbah
46:45 Maghrebi Camels
47:50 Town Watch
SeemsFishy
6:22 Loom
14:01 Feudal Age
17:57 Castle Age
17:11 Double-Bit Axe
17:09 Horse Collar
19:03 Bow Saw
20:15 Town Watch
21:55 Scale Mail Armor
25:59 Chain Mail Armor
27:30 Forging
30:06 Wheelbarrow
33:24 Iron Casting
32:41 Arson
34:45 Hand Cart
40:26 Imperial Age
42:26 Plate Mail Armor
42:57 Blast Furnace
43:48 Conscription
44:25 Gold Mining
44:37 Fletching
44:26 Elite Woad Raider
46:28 Onager
46:30 Capped Ram
47:33 Siege Ram
zularombr
9:40 Loom
14:53 Feudal Age
17:21 Double-Bit Axe
19:44 Castle Age
17:32 Horse Collar
20:20 Forging
21:06 Bow Saw
22:08 Heavy Plow
24:51 Town Watch
26:51 Scale Mail Armor
29:10 Wheelbarrow
30:11 Chain Mail Armor
30:20 Arson
30:36 Squires
31:01 Fletching
32:42 Hand Cart
32:26 Stone Mining
33:41 Iron Casting
35:26 Scale Barding Armor
36:43 Chain Barding Armor
36:32 Szlachta Privileges
36:24 Gold Mining
37:14 Bloodlines
37:05 Husbandry
43:34 Stone Shaft Mining
OverladenSnake6
3:34 Loom
16:47 Feudal Age
20:55 Castle Age
19:17 Stone Mining
22:27 Wheelbarrow
23:54 Hand Cart
23:39 Horse Collar
30:30 Arson
31:39 Fletching
31:53 Gold Mining
33:03 Town Watch
33:45 Forging
35:46 Iron Casting
36:41 Scale Mail Armor
36:37 Bodkin Arrow
37:05 Heavy Plow
38:00 Chain Mail Armor
41:49 Imperial Age
39:45 Squires
39:31 Gambesons
41:04 Husbandry
42:16 Eupseong
43:57 Bracer
45:02 Chemistry
43:42 Elite Fire Lancer
44:20 Murder Holes
45:19 Conscription
45:41 Plate Mail Armor
45:59 Ballistics
45:26 Arrowslits
47:04 Treadmill Crane
47:29 Elite War Wagon
49:12 Eupseong
50:15 Shinkichon
50:27 Scale Barding Armor
JimenezEleven
4:27 Loom
12:22 Feudal Age
13:17 Double-Bit Axe
17:12 Town Watch
19:15 Scale Barding Armor
20:11 Wheelbarrow
22:46 Castle Age
22:49 Forging
24:49 Iron Casting
24:10 Gold Mining
24:49 Husbandry
26:33 Gold Shaft Mining
33:00 Imperial Age
31:47 Chain Barding Armor
32:30 Stone Mining
33:05 Cavalier
36:18 Plate Barding Armor
37:21 Blast Furnace
37:16 Scale Mail Armor
39:06 Hand Cart
38:52 Pikeman
39:32 Squires
42:04 Halberdier
43:19 Chain Mail Armor
42:54 Fletching
44:44 Plate Mail Armor
45:15 Bodkin Arrow
46:22 Chemistry
45:42 Ballistics
45:53 Paladin
49:10 Siege Engineers
49:15 Masonry
Jardel
13:45 Feudal Age
12:03 Loom
13:48 Feudal Age
18:24 Castle Age
16:32 Double-Bit Axe
20:55 Horse Collar
21:27 Scale Barding Armor
28:14 Fletching
28:41 Crossbowman
29:18 Bodkin Arrow
31:39 Padded Archer Armor
31:32 Gold Mining
31:56 Bow Saw
32:44 Wheelbarrow
34:10 Ballistics
36:55 Imperial Age
34:50 Thumb Ring
37:13 Leather Archer Armor
37:46 Bracer
37:08 Arbalester
38:55 Chemistry
42:52 Treadmill Crane
43:22 Masonry
44:38 Pikeman
45:20 Scale Mail Armor
50:50 Architecture
ChowniMonrrow
4:22 Loom
12:12 Feudal Age
13:03 Double-Bit Axe
13:00 Horse Collar
20:37 Forging
20:28 Scale Mail Armor
25:48 Castle Age
25:19 Fletching
27:49 Chain Mail Armor
34:48 Stone Mining
34:49 Gold Mining
35:11 Bow Saw
40:35 Imperial Age
38:26 Town Watch
40:48 Capped Ram
41:07 Elite Serjeant
42:40 Plate Mail Armor
44:57 Iron Casting
46:45 Blast Furnace
Connection lost

Rejoining the realm…

Still unreachable

The connection could not be restored.

Session expired

The server has moved on; the page needs a fresh start.